TOP OF THE 1ST |
---|
Riverside Red Bulls batting - Pitching for Casper Ghosts : RHP Nicholas Becker | Pitching: RHP Nicholas Becker | | Batting: RHB Donovan James | 0-0: Called Strike 0-1: Ball 1-1: Swinging Strike 1-2: Ball 2-2: Strikes out swinging | Batting: RHB Robert Stevens | 0-0: Foul Ball, location: 2F 0-1: Swinging Strike 0-2: Ball 1-2: Ball 2-2: Ball 3-2: Ground out 6-3 (Groundball, 6) | Batting: RHB Patrick Daniels | 0-0: SOLO HOME RUN (Flyball, 7LD), Distance : 390 ft | Batting: RHB Zack Flint | 0-0: Foul Ball, location: 2F 0-1: Swinging Strike 0-2: Strikes out swinging | Top of the 1st over - 1 run, 1 hit, 0 errors, 0 left on base; Riverside 1 - Casper 0 | BOTTOM OF THE 1ST |
---|
Casper Ghosts batting - Pitching for Riverside Red Bulls : RHP Bret Oliver | Pitching: RHP Bret Oliver | | Batting: RHB Troy Reed | 0-0: Ball 1-0: Called Strike 1-1: Fly out, F8 (Flyball, 89M) | Batting: SHB José González | 0-0: Ball 1-0: Ball 2-0: Ball 3-0: Called Strike 3-1: Foul Ball, location: 2F 3-2: Base on Balls | Batting: LHB Luis Rodríguez | 0-0: Ball José González steals 2nd base 1-0: Ball 2-0: Ball 3-0: Called Strike 3-1: Called Strike 3-2: Ground out 4-3 (Groundball, 4) José González to third | Batting: LHB Ralph Cobb | 0-0: Ball 1-0: DOUBLE (Flyball, 8LD) José González scores | Batting: RHB Paul Richard | 0-0: Ball 1-0: Ball Wild Pitch! Ralph Cobb to third 2-0: Fly out, F8 (Flyball, 8LM) | Bottom of the 1st over - 1 run, 1 hit, 0 errors, 1 left on base; Riverside 1 - Casper 1 | TOP OF THE 2ND |
---|
Riverside Red Bulls batting - Pitching for Casper Ghosts : RHP Nicholas Becker | Batting: RHB Bobby Miller | 0-0: Called Strike 0-1: Foul Ball, location: 2F 0-2: Ball 1-2: Strikes out looking | Batting: LHB Miguel Gálvez | 0-0: Called Strike 0-1: Hit by Pitch | Batting: RHB Pete Woods | 0-0: Called Strike 0-1: Ball 1-1: Called Strike 1-2: Strikes out swinging | Batting: RHB Gilberto Tovar | 0-0: Swinging Strike 0-1: Called Strike 0-2: Strikes out looking | Top of the 2nd over - 0 runs, 0 hits, 0 errors, 1 left on base; Riverside 1 - Casper 1 | BOTTOM OF THE 2ND |
---|
Casper Ghosts batting - Pitching for Riverside Red Bulls : RHP Bret Oliver | Batting: LHB Ronald Gordon | 0-0: Foul Ball, location: 2F 0-1: Ball 1-1: Ball 2-1: Swinging Strike 2-2: Strikes out looking | Batting: RHB Robert Acosta | 0-0: Ground out 5-3 (Groundball, 56S) | Batting: RHB Peter Bryant | 0-0: Called Strike 0-1: SINGLE (Groundball, 34D) | Batting: RHB Miguel Toro | 0-0: Ball 1-0: Called Strike 1-1: Foul Ball, location: 2F 1-2: Foul Ball, location: 2F 1-2: Foul Ball, location: 2F 1-2: Strikes out swinging | Bottom of the 2nd over - 0 runs, 1 hit, 0 errors, 1 left on base; Riverside 1 - Casper 1 | TOP OF THE 3RD |
---|
Riverside Red Bulls batting - Pitching for Casper Ghosts : RHP Nicholas Becker | Batting: SHB Ángel Estrada | 0-0: Called Strike 0-1: Swinging Strike 0-2: Ball 1-2: SOLO HOME RUN (Flyball, 9LD), Distance : 393 ft | Batting: RHB Donovan James | 0-0: Ball 1-0: Swinging Strike 1-1: Reached on error, E6 (Groundball, 6S) | Batting: RHB Robert Stevens | 0-0: Called Strike 0-1: Foul Ball, location: 2F 0-2: Ball 1-2: Ball 2-2: Ball 3-2: Foul Ball, location: 2F 3-2: SINGLE (Line Drive, 7S) Donovan James to second Donovan James to third | Batting: RHB Patrick Daniels | 0-0: Foul Ball, location: 2F 0-1: Swinging Strike 0-2: Foul Ball, location: 2F 0-2: Foul Ball, location: 2F 0-2: Ground out U3 (Groundball, 3) Donovan James scores Robert Stevens to second | Batting: RHB Zack Flint | 0-0: Called Strike 0-1: Hit by Pitch | Batting: RHB Bobby Miller | 0-0: Grounds into double play, 5-4-3 (Groundball, 56) | Top of the 3rd over - 2 runs, 2 hits, 1 error, 1 left on base; Riverside 3 - Casper 1 | BOTTOM OF THE 3RD |
---|
Casper Ghosts batting - Pitching for Riverside Red Bulls : RHP Bret Oliver | Batting: RHB Troy Reed | 0-0: Ball 1-0: Swinging Strike 1-1: Called Strike 1-2: Strikes out swinging | Batting: SHB José González | 0-0: Called Strike 0-1: Ground out 5-3 (Groundball, 56S) | Batting: LHB Luis Rodríguez | 0-0: Ball 1-0: Ball 2-0: Foul Ball, location: 2F 2-1: DOUBLE (Line Drive, 9LS) | Batting: LHB Ralph Cobb | 0-0: Called Strike 0-1: Called Strike 0-2: Foul Ball, location: 2F 0-2: Foul Ball, location: 2F 0-2: Ball 1-2: Fly out, F7 (Flyball, 7S) | Bottom of the 3rd over - 0 runs, 1 hit, 0 errors, 1 left on base; Riverside 3 - Casper 1 | TOP OF THE 4TH |
---|
Riverside Red Bulls batting - Pitching for Casper Ghosts : RHP Nicholas Becker | Batting: LHB Miguel Gálvez | 0-0: Called Strike 0-1: Swinging Strike 0-2: Ball 1-2: Ball 2-2: Foul Ball, location: 2F 2-2: SINGLE (Line Drive, 34) | Batting: RHB Pete Woods | 0-0: Ball 1-0: Ball 2-0: Called Strike 2-1: Fly out, F9 (Flyball, 9S) | Batting: RHB Gilberto Tovar | 0-0: Ball 1-0: Swinging Strike 1-1: Ball 2-1: SINGLE (Groundball, 6MD) Miguel Gálvez to second | Batting: SHB Ángel Estrada | 0-0: Ball Miguel Gálvez steals 3rd base 1-0: Ball 2-0: Fly out, F7 (Flyball, 78M) Runner from 3rd tags up, SCORES, no throw | Batting: RHB Donovan James | 0-0: Foul Ball, location: 2F 0-1: Called Strike 0-2: Fly out, F7 (Flyball, 7S) | Top of the 4th over - 1 run, 2 hits, 0 errors, 1 left on base; Riverside 4 - Casper 1 | BOTTOM OF THE 4TH |
---|
Casper Ghosts batting - Pitching for Riverside Red Bulls : RHP Bret Oliver | Batting: RHB Paul Richard | 0-0: Called Strike 0-1: Ball 1-1: Swinging Strike 1-2: Foul Ball, location: 2F 1-2: Strikes out swinging | Batting: LHB Ronald Gordon | 0-0: Called Strike 0-1: Ball 1-1: Ball 2-1: Foul Ball, location: 2F 2-2: Foul Ball, location: 2F 2-2: Ball 3-2: Fly out, F9 (Flyball, 89S) | Batting: RHB Robert Acosta | 0-0: SINGLE (Groundball, 6MD) | Batting: RHB Peter Bryant | 0-0: Ball 1-0: Swinging Strike 1-1: Ball 2-1: Called Strike 2-2: Strikes out swinging | Bottom of the 4th over - 0 runs, 1 hit, 0 errors, 1 left on base; Riverside 4 - Casper 1 | TOP OF THE 5TH |
---|
Riverside Red Bulls batting - Pitching for Casper Ghosts : RHP Nicholas Becker | Batting: RHB Robert Stevens | 0-0: Called Strike 0-1: Called Strike 0-2: Foul Ball, location: 2F 0-2: Foul Ball, location: 2F 0-2: Ball 1-2: Strikes out swinging | Batting: RHB Patrick Daniels | 0-0: Ground out 5-3 (Groundball, 5) | Batting: RHB Zack Flint | 0-0: Swinging Strike 0-1: Ball 1-1: Called Strike 1-2: Strikes out looking | Top of the 5th over - 0 runs, 0 hits, 0 errors, 0 left on base; Riverside 4 - Casper 1 | BOTTOM OF THE 5TH |
---|
Casper Ghosts batting - Pitching for Riverside Red Bulls : RHP Bret Oliver | Batting: RHB Miguel Toro | 0-0: Ball 1-0: Fly out, F6 (Flyball, 6MD) | Batting: RHB Troy Reed | 0-0: Foul Ball, location: 2F 0-1: Ball 1-1: Ball 2-1: DOUBLE (Flyball, 8RXD) | Batting: SHB José González | 0-0: Ball 1-0: Ball Troy Reed steals 3rd base 2-0: Called Strike 2-1: Ball 3-1: Called Strike 3-2: Foul Ball, location: 2F 3-2: Base on Balls | Batting: LHB Luis Rodríguez | 0-0: Ball 1-0: Swinging Strike 1-1: Ball 2-1: Foul Ball, location: 2F 2-2: Foul Ball, location: 2F 2-2: Fly out, F8 (Flyball, 8LD) Runner from 3rd tags up, SCORES, throw made | Batting: LHB Ralph Cobb | 0-0: Foul Ball, location: 2F 0-1: Swinging Strike 0-2: Ball José González steals 2nd base 1-2: Foul Ball, location: 2F 1-2: Ball 2-2: Ball 3-2: Fly out, F7 (Flyball, 7LM) | Bottom of the 5th over - 1 run, 1 hit, 0 errors, 1 left on base; Riverside 4 - Casper 2 | TOP OF THE 6TH |
---|
Riverside Red Bulls batting - Pitching for Casper Ghosts : RHP Nicholas Becker | Batting: RHB Bobby Miller | 0-0: Called Strike 0-1: Ball 1-1: Foul Ball, location: 2F 1-2: Strikes out looking | Batting: LHB Miguel Gálvez | 0-0: Called Strike 0-1: Ball 1-1: SINGLE (Line Drive, 4MD) | Batting: RHB Pete Woods | 0-0: Called Strike Miguel Gálvez steals 2nd base 0-1: Foul Ball, location: 2F 0-2: Ball 1-2: Ball 2-2: Foul Ball, location: 2F 2-2: Ball 3-2: Strikes out swinging | Batting: RHB Gilberto Tovar | 0-0: Ball 1-0: Ball 2-0: Foul Ball, location: 2F 2-1: Fly out, F5 (Line Drive, 56) | Top of the 6th over - 0 runs, 1 hit, 0 errors, 1 left on base; Riverside 4 - Casper 2 | BOTTOM OF THE 6TH |
---|
Casper Ghosts batting - Pitching for Riverside Red Bulls : RHP Bret Oliver | Pitching: RHP Júlio Vargas | | Batting: RHB Paul Richard | 0-0: Ball 1-0: Ball 2-0: Foul Ball, location: 2F 2-1: Ball 3-1: DOUBLE (Groundball, 5L) | Batting: LHB Ronald Gordon | 0-0: Ball 1-0: Ball 2-0: Called Strike 2-1: SINGLE (Groundball, 3D) Paul Richard to third | Batting: RHB Robert Acosta | 0-0: Called Strike 0-1: Foul Ball, location: 2F 0-2: Ball 1-2: Strikes out swinging | Batting: RHB Peter Bryant | 0-0: Called Strike 0-1: Called Strike 0-2: Foul Ball, location: 2F 0-2: Strikes out swinging | Batting: RHB Miguel Toro | 0-0: Called Strike 0-1: Ball 1-1: Ground out 5-3 (Groundball, 56S) | Bottom of the 6th over - 0 runs, 2 hits, 0 errors, 2 left on base; Riverside 4 - Casper 2 | TOP OF THE 7TH |
---|
Riverside Red Bulls batting - Pitching for Casper Ghosts : RHP Nicholas Becker | Pitching: RHP Valentín Mejía | | Batting: SHB Ángel Estrada | 0-0: Ball 1-0: Ball 2-0: Called Strike 2-1: Ground out U3 (Groundball, 34S) | Batting: RHB Donovan James | 0-0: Called Strike 0-1: Swinging Strike 0-2: Ball 1-2: Foul Ball, location: 2F 1-2: Strikes out swinging | Batting: RHB Robert Stevens | 0-0: DOUBLE (Flyball, 8LXD) | Batting: RHB Patrick Daniels | 0-0: Ground out 5-3 (Groundball, 56) | Top of the 7th over - 0 runs, 1 hit, 0 errors, 1 left on base; Riverside 4 - Casper 2 | BOTTOM OF THE 7TH |
---|
Casper Ghosts batting - Pitching for Riverside Red Bulls : RHP Júlio Vargas | Batting: RHB Troy Reed | 0-0: DOUBLE (Line Drive, 9LS) | Batting: SHB José González | 0-0: Ball 1-0: Called Strike 1-1: Ball 2-1: Ground out 4-3 (Groundball, 34) Troy Reed to third | Batting: LHB Luis Rodríguez | 0-0: Ball 1-0: Ball 2-0: Called Strike 2-1: Ball 3-1: DOUBLE (Groundball, 3L) Troy Reed scores | Batting: LHB Ralph Cobb | 0-0: Called Strike 0-1: Foul Ball, location: 2F 0-2: Ball 1-2: Fly out, F8 (Flyball, 8RS) | Batting: RHB Paul Richard | 0-0: Foul Ball, location: 2F 0-1: Ground out 5-3 (Groundball, 56S) | Bottom of the 7th over - 1 run, 2 hits, 0 errors, 1 left on base; Riverside 4 - Casper 3 | TOP OF THE 8TH |
---|
Riverside Red Bulls batting - Pitching for Casper Ghosts : RHP Valentín Mejía | Batting: RHB Zack Flint | 0-0: Ball 1-0: Ball 2-0: Foul Ball, location: 2F 2-1: SOLO HOME RUN (Flyball, 7LD), Distance : 378 ft | Batting: RHB Bobby Miller | 0-0: Swinging Strike 0-1: Called Strike 0-2: Ball 1-2: Strikes out looking | Pitching: LHP Pablo Solíz | | Batting: LHB Miguel Gálvez | 0-0: Ball 1-0: SINGLE (Line Drive, 9LS) | Pitching: RHP Pablo Lima | | Batting: RHB Pete Woods | 0-0: Ball 1-0: Called Strike 1-1: Ball 2-1: Ball 3-1: Foul Ball, location: 2F 3-2: Foul Ball, location: 2F 3-2: Strikes out swinging | Batting: RHB Gilberto Tovar | 0-0: Ball Miguel Gálvez is caught stealing 2nd base | Top of the 8th over - 1 run, 2 hits, 0 errors, 0 left on base; Riverside 5 - Casper 3 | BOTTOM OF THE 8TH |
---|
Casper Ghosts batting - Pitching for Riverside Red Bulls : RHP Júlio Vargas | Batting: LHB Ronald Gordon | 0-0: Ball 1-0: Ball 2-0: Ball 3-0: Called Strike 3-1: Foul Ball, location: 2F 3-2: Base on Balls | Batting: RHB Robert Acosta | 0-0: Called Strike 0-1: Ball 1-1: Foul Ball, location: 2F 1-2: Fly out, F7 (Flyball, 7LMF) | Batting: RHB Peter Bryant | 0-0: Swinging Strike 0-1: Ball 1-1: Swinging Strike 1-2: Strikes out swinging | Batting: RHB Miguel Toro | 0-0: Fly out, F8 (Flyball, 8RXD) | Bottom of the 8th over - 0 runs, 0 hits, 0 errors, 1 left on base; Riverside 5 - Casper 3 | TOP OF THE 9TH |
---|
Riverside Red Bulls batting - Pitching for Casper Ghosts : RHP Pablo Lima | Batting: RHB Gilberto Tovar | 0-0: Called Strike 0-1: Ball 1-1: Foul Ball, location: 2F 1-2: Ground out 4-3 (Groundball, 34) | Batting: SHB Ángel Estrada | 0-0: Ball 1-0: Called Strike 1-1: Swinging Strike 1-2: Ball 2-2: Foul Ball, location: 2F 2-2: Foul Ball, location: 2F 2-2: Strikes out swinging | Batting: RHB Donovan James | 0-0: Ball 1-0: Foul Ball, location: 2F 1-1: Ball 2-1: Ball 3-1: Base on Balls | Batting: RHB Robert Stevens | 0-0: Called Strike Donovan James steals 2nd base 0-1: Ball 1-1: Swinging Strike 1-2: Strikes out swinging | Top of the 9th over - 0 runs, 0 hits, 0 errors, 1 left on base; Riverside 5 - Casper 3 | BOTTOM OF THE 9TH |
---|
Casper Ghosts batting - Pitching for Riverside Red Bulls : RHP Júlio Vargas | Pitching: RHP Ricardo López | | Batting: RHB Troy Reed | 0-0: Single, Error in OF, E7, batter to second base | Batting: SHB José González | 0-0: Fly out, F9 (Flyball, 89M) | Batting: LHB Luis Rodríguez | 0-0: Foul Ball, location: 2F 0-1: Ball 1-1: Ball 2-1: Swinging Strike 2-2: Strikes out looking | Batting: LHB Ralph Cobb | 0-0: Fly out, F7 (Flyball, 7S) | Bottom of the 9th over - 0 runs, 1 hit, 1 error, 1 left on base; Riverside 5 - Casper 3 | |